 Dungeon Crawl Stone Soup version 0.30-a0-596-g0af90f9a20 (webtiles) character file.

Game seed: 14817693181643775358

753 bande the Chopper (level 7, -1/44 HPs)
             Began as a Gargoyle Fighter on Jan 7, 2023.
             Slain by a gnoll
             ... wielding a +2 whip of distortion
              (14 damage)
             ... on level 5 of the Dungeon.
             The game lasted 00:07:18 (3945 turns).

bande the Chopper (Gargoyle Fighter)                Turns: 3945, Time: 00:07:19

Health: -1/44      AC: 15    Str: 20    XL:     7   Next: 78%
Magic:  7/7        EV:  6    Int:  8    God:
Gold:   1090       SH:  8    Dex: 11    Spells: 6/6 levels left

rFire   . . .      SeeInvis .    t - +0 broad axe
rCold   + . .      Faith    +    f - +0 kite shield
rNeg    + . .      Spirit   .    m - +0 chain mail
rPois   ∞          Reflect  .    p - +0 helmet
rElec   +          Harm     .    (no cloak)
rCorr   .          Rampage  .    (no gloves)
Will    +....                    (no boots) Stlth
                                 g - amulet of faith
HPRegen 0.27/turn                h - ring of willpower
MPRegen 0.10/turn                r - ring of protection from cold

@: no status effects
A: sickness immunity, AC +4, negative energy resistance 1, electricity
resistance, torment resistance 1, petrification resistance
a: no special abilities


You were on level 5 of the Dungeon.
You visited 2 branches of the dungeon, and saw 6 of its levels.

You collected 1090 gold pieces.

Inventory:

Hand Weapons
 a - a +1 war axe
 c - a +0 flail
 t - a +0 broad axe (weapon)
Armour
 f - a +0 kite shield (worn)
 m - a +0 chain mail (worn)
 p - a +0 helmet (worn)
Jewellery
 g - an amulet of faith (around neck)
 h - a ring of willpower (left hand)
 n - a ring of ice
 r - a ring of protection from cold (right hand)
Wands
 s - a wand of polymorph (8)
 v - a wand of iceblast (15)
 w - a wand of flame (3)
Scrolls
 k - 2 scrolls of poison
 l - a scroll of magic mapping
 q - a scroll of fog
Potions
 b - a potion of lignification {unknown}
 d - 2 potions of might
 e - 2 potions of flight
 i - a potion of attraction {unknown}
 j - a potion of experience {unknown}
 o - a potion of heal wounds {unknown}
 u - a potion of curing


   Skills:
 + Level 4.7 Fighting
 + Level 5.3 Axes
 + Level 4.8 Armour
 + Level 4.7 Shields
 * Level 2.2 Evocations


You had 6 spell levels left.
You didn't know any spells.
Your spell library contained the following spells:

 Spells                   Type           Power      Damage    Failure   Level
 Apportation              Tloc           0%         N/A       100%        1
 Necrotise                Necr           0%         1d4       100%        1
 Summon Small Mammal      Summ           0%         N/A       100%        1
 Ensorcelled Hibernation  Hex/Ice        0%         N/A       100%        2
 Passwall                 Tmut/Erth      0%         N/A       100%        2
 Dazzling Flash           Conj/Hex       0%         N/A       100%        3
 Swiftness                Air            0%         N/A       100%        3
 Agony                    Necr           0%         N/A       100%        5
 Silence                  Hex/Air        0%         N/A       100%        5


Dungeon Overview and Level Annotations

Branches:
Dungeon (5/15)             Temple (1/1) D:4

Altars:
Ashenzari
Cheibriados
Dithmenos
Elyvilon
Fedhas
Hepliaklqana
Kikubaaqudgha
Qazlal
Ru
Sif Muna
Trog
Uskayaw
Wu Jian
Xom
Yredelemnul
The Shining One

Shops:
D:4 *

Annotations:
D:5 billz999's ghost, novice GnHu


Innate Abilities, Weirdness & Mutations

You are immune to sickness and miasma.
Your stone body is resilient. (AC +4)
You are immune to poison.
You resist negative energy. (rN+)
You are resistant to electric shocks. (rElec)
You are resistant to unholy torment.
You are immune to petrification.


Message History

The gnoll shouts!
The gnoll throws a throwing net.
The throwing net closely misses you.
You see here a throwing net.
The gnoll barely misses you.
You hit the gnoll.
The gnoll is heavily wounded.
The gnoll hits you with a +0 spear.
The gnoll hits you with a +2 whip of distortion.
You blink.
The gnoll hits you but does no damage.
You blink.
Found a viscous dark potion and a scroll of enchant weapon.
The gnoll hits you but does no damage. You block the gnoll's attack.
The gnoll hits you with a +0 spear of venom.
You barely miss the gnoll.
The gnoll hits you but does no damage. x2
You block the gnoll's attack.
You barely miss the gnoll. You block the gnoll's attack. x2
The gnoll hits you but does no damage. You block the gnoll's attack.
The gnoll hits you but does no damage. Space warps around you.
The gnoll barely misses you. The gnoll hits you but does no damage.
You barely miss the gnoll. You hit the gnoll but do no damage.
The gnoll hits you with a +2 whip of distortion.
Space warps horribly around you. The gnoll hits you but does no damage.
The gnoll barely misses you. You block the gnoll's attack.
You are too injured to fight recklessly!
You are too injured to fight recklessly!
You are too injured to fight recklessly!
You are too injured to fight recklessly!
You are too injured to fight recklessly!
You are too injured to fight recklessly!
You are too injured to fight recklessly!
You slash the gnoll!
The gnoll is heavily wounded.
You hit the gnoll but do no damage. The gnoll hits you but does no damage.
Space warps horribly around you.
The gnoll hits you from afar with a +0 spear.
* * * LOW HITPOINT WARNING * * *
The gnoll hits you but does no damage. You block the gnoll's attack.
The gnoll hits you but does no damage. x2; Space warps horribly around you!
You die...

#. ##...##... ##. #...##.....
....#...#⌠.!♣?. ...
..#...##.....##..# .. ...
..'....##W..##...# #. #.#
.##.....##⌠##...#
#.####.####.##......###...#
................@g.......##### ##
.................g......#....##..
................gg......#........
.......)[...............#........
.......<................#........
...................(....#÷)).....
######†.###..####+##...##..####..
#..##..# #..# ##...##..######
#......# ..# #..(.....>.....


You could see billz999's ghost and 4 gnolls.

Vanquished Creatures
  An orc warrior (D:5)
  2 black bears (D:4)
  Blork the orc (D:4)
  A scorpion (D:5)
  An orc priest (D:4)
  Ijyb (D:5)
  Jessica (D:3)
  An iguana (D:5)
  Natasha (thrice) (D:3)
  An orc wizard (D:4)
  4 adders
  An ufetubus (D:5)
  3 worms
  2 dart slugs
  10 orcs
  6 endoplasms
  4 giant cockroaches
  8 goblins
  9 hobgoblins
  8 jackals
  2 kobolds (D:1)
  3 quokkas
  5 ball pythons
  4 bats
  3 frilled lizards (D:1)
  6 rats
91 creatures vanquished.

Notes
Turn   | Place    | Note
-------+----------+-------------------------------------------
     0 | D:1      | bande the Gargoyle Fighter began the quest for the Orb.
     0 | D:1      | Reached XP level 1. HP: 14/14 MP: 1/1
   206 | D:1      | Reached XP level 2. HP: 19/19 MP: 2/2
   559 | D:1      | Reached skill level 2 in Axes
  1095 | D:1      | Reached XP level 3. HP: 7/24 MP: 3/3
  1704 | D:2      | Reached XP level 4. HP: 29/29 MP: 4/4
  1872 | D:3      | Noticed Natasha
  1882 | D:3      | Killed Natasha
  2118 | D:3      | Found a shadowy altar of Dithmenos.
  2121 | D:3      | Found a glowing golden altar of the Shining One.
  2247 | D:3      | Noticed Natasha
  2255 | D:3      | Killed Natasha
  2256 | D:3      | Reached skill level 3 in Axes
  2256 | D:3      | Reached XP level 5. HP: 33/33 MP: 5/5
  2423 | D:3      | Noticed Jessica
  2435 | D:3      | Killed Jessica
  2541 | D:3      | Noticed Natasha
  2545 | D:3      | Killed Natasha
  2622 | D:3      | Found an ornate altar of the Wu Jian Council.
  2680 | D:4      | Found Mugog's Assorted Antiques.
  2819 | D:4      | Found a staircase to the Ecumenical Temple.
  2836 | Temple   | Entered the Ecumenical Temple
  3013 | D:4      | Noticed a black bear
  3019 | D:4      | Killed a black bear
  3020 | D:4      | Reached skill level 4 in Axes
  3020 | D:4      | Reached XP level 6. HP: 34/38 MP: 6/6
  3066 | D:4      | Noticed Blork the orc
  3069 | D:4      | Reached skill level 1 in Evocations
  3078 | D:4      | Killed Blork the orc
  3080 | D:4      | Noticed an orc warrior
  3087 | D:5      | Entered Level 5 of the Dungeon
  3199 | D:5      | Killed an orc warrior
  3200 | D:5      | Reached XP level 7. HP: 31/44 MP: 7/7
  3338 | D:4      | Reached skill level 5 in Axes
  3345 | D:4      | Identified a scroll of acquirement
  3345 | D:4      | Acquired 851 gold pieces
  3532 | D:5      | Found a snail-covered altar of Cheibriados.
  3635 | D:5      | Noticed Ijyb
  3655 | D:5      | Killed Ijyb
  3940 | D:5      | Noticed billz999's ghost (novice GnHu)
  3945 | D:5      | Slain by a gnoll

Illustrated notes

Levels and vault maps discovered:
D:1:      scummos_arrival_simple_fountains, layout_basic
D:2:      layout_rooms
D:3:      layout_loops_cross, mainiacjoe_overflow_alcove_1,
          chequers_temple_overflow_statue_of_worship, uniq_jessica, uniq_natasha
D:4:      layout_basic, minmay_temple_entry_mist, nicolae_wooded_promenade,
          uniq_blork_the_orc
D:5:      layout_gridville, makhleb_altar_promises_db,
          mainiacjoe_overflow_tiny_flanked, hellmonk_ghost_happy_afterlife,
          uniq_crazy_yiuf_cottage, uniq_ijyb
Temple:   nicolae_temple_no_exploring_needed

Skill      XL: |  1  2  3  4  5  6  7 |
---------------+----------------------+-----
Axes           | 2 3 4 5 |  5.3
Armour         | 4 |  4.8
Fighting       | 4 |  4.7
Shields        | 4 |  4.7
Evocations     | 1 2 |  2.2

Action                   |  1- 3 |  4- 6 |  7- 9 || total
-------------------------+-------+-------+-------++-------
Melee: War axe           |   124 |   106 |       ||   230
       Broad axe         |       |       |    55 ||    55
  Use: Scroll            |       |     8 |     1 ||     9
Armor: Scale mail        |    70 |    32 |       ||   102
       Chain mail        |       |    43 |    68 ||   111
Dodge: Dodged            |    73 |    56 |    33 ||   162
Block: Buckler           |    29 |     8 |       ||    37
       Kite shield       |       |    49 |    33 ||    82

Table legend: (Time is in decaauts)
 A = Elapsed time spent in this place.
 B = Non-inter-level travel time spent in this place.
 C = Inter-level travel time spent in this place.
 D = Time resting spent in this place.
 E = Time spent auto-exploring this place.
 F = Levels seen in this place.
 G = Mean time per level.
                   A        B        C        D        E       F      G
               +--------+--------+--------+--------+--------+-----+--------+
         Total |   4081 |   3895 |    186 |    729 |   2252 |   6 |  680.2 |
       Dungeon |   4059 |   3873 |    186 |    729 |   2252 |   5 |  811.8 |
        Temple |     22 |     22 |      0 |      0 |      0 |   1 |   22.0 |
               +--------+--------+--------+--------+--------+-----+--------+

Top non-repeatable levels by time:
     D:1: 1286 daAuts
     D:3: 852 daAuts
     D:4: 673 daAuts
     D:5: 646 daAuts
     D:2: 601 daAuts
  Temple: 22 daAuts
